 Dungeon Crawl Stone Soup version 0.21.1-1-g345015f (webtiles) character file.

161 zaxin the Shield-Bearer (level 5, -1/33 HPs)
             Began as a Gargoyle Fighter on June 5, 2018.
             Slain by Edmund
             ... wielding a +1 flail of crushing
              (2 damage)
             ... on level 3 of the Dungeon.
             The game lasted 00:08:01 (2508 turns).

zaxin the Shield-Bearer (Gargoyle Fighter)          Turns: 2508, Time: 00:08:01

Health: -1/33      AC:  9    Str: 20    XL:     5   Next: 42%
Magic:  5/5        EV:  8    Int:  9    God:
Gold:   118        SH:  9    Dex:  9    Spells: 4/4 levels left

rFire    . . .     SeeInvis .   q - +0 mace
rCold    . . .     Gourm    .   c - +0 shield
rNeg     + + .     Faith    .   a - +0 ring mail {rN+}
rPois    ∞         Spirit   .   (no helmet)
rElec    +         Reflect  .   (no cloak)
rCorr    .         Harm     .   (no gloves)
MR       .....                  (no boots)
Stlth    ..........             (no amulet)
HPRegen  0.11/turn              j - ring of wizardry
MPRegen  0.09/turn              (no ring)

@: no status effects
A: negative energy resistance 1, electricity resistance, unbreathing,
petrification resistance, rot immunity, AC +4
a: no special abilities


You were on level 3 of the Dungeon.
You were hungry.

You visited 1 branch of the dungeon, and saw 4 of its levels.

You collected 118 gold pieces.

Inventory:

Hand Weapons
 q - a +0 mace (weapon)
Armour
 a - a +0 ring mail of positive energy (worn)
 b - a +0 chain mail
 c - a +0 shield (worn)
Jewellery
 j - a ring of wizardry (left hand)
Scrolls
 e - 2 scrolls of amnesia {unknown}
 g - a scroll of enchant weapon {unknown}
 h - a scroll of fear {unknown}
 m - a scroll of noise {unknown}
 n - 4 scrolls of identify {unknown}
 o - a scroll of remove curse {unknown}
 p - a scroll of teleportation {unknown}
Potions
 d - a potion of might
 i - 2 potions of resistance {unknown}
 k - a potion of lignification {unknown}
 l - 4 potions of curing
Comestibles
 f - 7 rations


   Skills:
 * Level 3.9 Fighting
 * Level 3.7 Maces & Flails
 + Level 3.9 Armour
 * Level 1.1 Dodging
 + Level 0.2 Stealth
 + Level 4.0 Shields


You had 4 spell levels left.
You didn't know any spells.

Dungeon Overview and Level Annotations

Branches:
Dungeon (4/15)
 Temple: D:4-7

Altars:
Okawaru

Annotations:
D:3 Edmund


Innate Abilities, Weirdness & Mutations

You are resistant to torment.
Your stone body is resilient. (AC +4)
You are immune to poison.
You resist negative energy. (rN+)
You are resistant to electric shocks. (rElec)
You can survive without breathing.
You are immune to petrification.
You are immune to rotting.


Message History

Edmund is heavily wounded.
You block Edmund's attack.
You hit Edmund but do no damage.
Edmund is heavily wounded.
Edmund hits you but does no damage.
You closely miss Edmund.
Edmund is heavily wounded.
Edmund barely misses you.
You hit Edmund but do no damage.
Edmund is heavily wounded.
You block Edmund's attack.
You hit Edmund.
Edmund is heavily wounded.
Edmund says, "People think my brother is the best.
I think he's crazy."
Edmund hits you but does no damage.
You hit Edmund.
Edmund is severely wounded.
Edmund hits you with a flail of crushing.
* * * LOW HITPOINT WARNING * * *
You die...

♣≈≈≈..≈P≈♣♣..####................
≈≈≈)..≈P≈≈♣♣......###########....
≈PP....≈≈P♣♣####### #####
≈≈≈≈...≈P♣♣ ≈≈PP...≈≈≈♣
≈≈≈≈....≈≈♣♣##### ##############
≈≈≈≈....P≈♣.....####.............
≈≈≈P...P≈♣♣..........############
≈≈≈≈≈...≈♣.####.@@.### ######..
≈≈≈≈P...≈#.# ###..## #..<...#
≈≈≈≈P...##.# #..(######.######
♣PP≈♣...##.# ##.....[...#
≈≈≈≈♣..###.# ##.####...######
♣PP≈P..# #.# #......#.......
#≈≈♣#.####.#########..###########
.#≈##....#............# ##### #
............########..# #...#


You could see Edmund.

Vanquished Creatures
  An orc wizard (D:2)
  Terence (D:2)
  5 adders (D:2)
  An ooze (D:2)
  A leopard gecko (D:3)
  4 orcs
  9 bats
  2 giant cockroaches (D:1)
  2 goblins
  7 hobgoblins (D:1)
  3 jackals (D:3)
  9 kobolds
  A quokka (D:3)
  2 frilled lizards
  9 rats
  A plant (D:3)
58 creatures vanquished.

Notes
Turn   | Place    | Note
-------+----------+-------------------------------------------
     0 | D:1      | zaxin the Gargoyle Fighter began the quest for the Orb.
     0 | D:1      | Reached XP level 1. HP: 14/14 MP: 1/1
   122 | D:1      | Reached XP level 2. HP: 19/19 MP: 2/2
   600 | D:1      | Reached XP level 3. HP: 24/24 MP: 3/3
  1054 | D:2      | Reached skill level 1 in Dodging
  1105 | D:2      | Noticed Terence
  1148 | D:2      | Killed Terence
  1148 | D:2      | Reached XP level 4. HP: 28/29 MP: 4/4
  1444 | D:2      | Found an iron altar of Okawaru.
  1850 | D:2      | Reached XP level 5. HP: 28/33 MP: 5/5
  2152 | D:3      | Reached skill level 4 in Shields
  2416 | D:4      | Noticed Edmund
  2508 | D:3      | HP: 1/33 [Edmund/flail of crushing (6)]
  2508 | D:3      | Slain by Edmund

Skill      XL: |  1  2  3  4  5 |
---------------+----------------+-----
Dodging        | 1 |  1.1
Maces & Flails | 3 |  3.7
Shields        | 4 |  4.0
Fighting       | |  3.9
Armour         | |  3.9
Stealth        | |  0.2

Action                   |  1- 3 |  4- 6 || total
-------------------------+-------+-------++-------
Melee: Flail             |   139 |    66 ||   205
       Mace              |       |    73 ||    73
  Eat: Chunk             |       |     5 ||     5
Armor: Scale mail        |    83 |       ||    83
       Chain mail        |       |    16 ||    16
       Ring mail         |       |    46 ||    46
Dodge: Dodged            |    46 |    28 ||    74
Block: Shield            |    80 |    61 ||   141
